3AA
MARQUETTE MINERS @ OTTAWA NATIONALS
08/09/2038
 
TOP OF THE 1ST
Marquette Miners batting - Pitching for Ottawa Nationals : RHP Jesús Castillo
Pitching: RHP Jesús Castillo
Batting: LHB Leslie Small 0-0: Called Strike
0-1: Ball
1-1: Ball
2-1: Ground out 1-3 (Groundball, 13, EV 68.8 MPH)
Batting: SHB Reginald Gibson 0-0: Ball
1-0: Ball
2-0: Ball
3-0: Base on Balls
Batting: RHB Jorge Japón 0-0: Ball
1-0: Ball
2-0: Foul Ball, location: 2F
2-1: Ball
3-1: Fly out, F7 (Flyball, 7S, EV 83.8 MPH)
Batting: SHB Ángel García 0-0: Ball
1-0: Foul Ball, location: 2F
Pickoff Throw to First - Out! 1-3
Top of the 1st over - 0 runs, 0 hits, 0 errors, 0 left on base; Marquette 0 - Ottawa 0
BOTTOM OF THE 1ST
Ottawa Nationals batting - Pitching for Marquette Miners : RHP Greg Borges
Pitching: RHP Greg Borges
Batting: LHB Jason Powell 0-0: Ball
1-0: Called Strike
1-1: Called Strike
1-2: Strikes out swinging
Batting: SHB Júlio Moreno 0-0: SINGLE (Groundball, 4, EV 105.6 MPH) (infield hit)
Batting: LHB Luis Soto 0-0: Ball
1-0: Ball
2-0: Called Strike
2-1: Foul Ball, location: 2F
2-2: Fly out, F8 (Flyball, 8LD, EV 84.4 MPH)
Batting: RHB Jorge Ozezera 0-0: Swinging Strike
0-1: Ball
1-1: Ball
2-1: SINGLE (Groundball, 6MD, EV 103.1 MPH)
Júlio Moreno to second
Runner from 2nd tries for 3rd, SAFE, throw by CF made to third
Batting: RHB Sallvador Rebola 0-0: Called Strike
0-1: Called Strike
0-2: Fly out, F5 (Popup, 5F, EV 64.4 MPH)
Bottom of the 1st over - 0 runs, 2 hits, 0 errors, 2 left on base; Marquette 0 - Ottawa 0
TOP OF THE 2ND
Marquette Miners batting - Pitching for Ottawa Nationals : RHP Jesús Castillo
Batting: SHB Ángel García 0-0: Ball
1-0: Ground out 4-3 (Groundball, 4S, EV 66.2 MPH)
Batting: RHB Miguel Montés 0-0: Called Strike
0-1: Foul Ball, location: 2F
0-2: Ground out 4-3 (Groundball, 4MS, EV 81.2 MPH)
Batting: LHB Snow Wang 0-0: Ball
1-0: Foul Ball, location: 2F
1-1: Foul Ball, location: 2F
1-2: Ball
2-2: Foul Ball, location: 2F
2-2: Ball
3-2: SINGLE (Groundball, 4MD, EV 97.5 MPH)
Batting: RHB Jesús Méndez 0-0: Ground out 5-3 (Groundball, 56S, EV 88.8 MPH)
Top of the 2nd over - 0 runs, 1 hit, 0 errors, 1 left on base; Marquette 0 - Ottawa 0
BOTTOM OF THE 2ND
Ottawa Nationals batting - Pitching for Marquette Miners : RHP Greg Borges
Batting: RHB Cary Collins 0-0: Called Strike
0-1: Swinging Strike
0-2: Foul Ball, location: 2F
0-2: Foul Ball, location: 2F
0-2: Strikes out swinging
Batting: RHB Gary Goodwin 0-0: Foul Ball, location: 2F
0-1: Fly out, F8 (Flyball, 78D, EV 102.5 MPH)
Batting: RHB Cheh Zhi 0-0: Called Strike
0-1: Called Strike
0-2: Ball
1-2: Ball
2-2: Ball
3-2: Fly out, F1 (Line Drive, P, EV 68.1 MPH)
Bottom of the 2nd over - 0 runs, 0 hits, 0 errors, 0 left on base; Marquette 0 - Ottawa 0
TOP OF THE 3RD
Marquette Miners batting - Pitching for Ottawa Nationals : RHP Jesús Castillo
Batting: SHB Carl Saunders 0-0: Called Strike
0-1: Foul Ball, location: 2F
0-2: Ball
1-2: SINGLE (Groundball, 4MD, EV 101.2 MPH)
Batting: RHB Alexander Conley 0-0: Fielders Choice at 2nd, 6-4 (Groundball, 56, EV 88.8 MPH)
Batting: LHB Leslie Small 0-0: Called Strike
0-1: Ball
1-1: Ball
2-1: Swinging Strike
2-2: Foul Ball, location: 2F
2-2: Fielders Choice at 2nd, 1-6 (Groundball, 13, EV 68.8 MPH)
Batting: SHB Reginald Gibson 0-0: Ball
Leslie Small steals 2nd base
1-0: Fly out, F8 (Flyball, 8LM, EV 89.4 MPH)
Top of the 3rd over - 0 runs, 1 hit, 0 errors, 1 left on base; Marquette 0 - Ottawa 0
BOTTOM OF THE 3RD
Ottawa Nationals batting - Pitching for Marquette Miners : RHP Greg Borges
Batting: RHB Manuel Vroonland 0-0: Ball
1-0: Called Strike
1-1: Ball
2-1: Ball
3-1: Base on Balls
Batting: LHB Jason Powell 0-0: Ball
1-0: Called Strike
1-1: SINGLE (Groundball, 34D, EV 95.6 MPH)
Manuel Vroonland to second
Batting: SHB Júlio Moreno 0-0: Swinging Strike
0-1: Ball
1-1: Ball
2-1: Swinging Strike
2-2: Fielders Choice at 2nd, 4-6 (Groundball, 34, EV 104.4 MPH)
Manuel Vroonland to third
Batting: LHB Luis Soto 0-0: Ball
Júlio Moreno steals 2nd base
1-0: SINGLE (Line Drive, 7S, EV 110.0 MPH)
Manuel Vroonland scores
Júlio Moreno to third
Runner from 3rd tries for Home, throw by LF and OUT! 7-2
Batting: RHB Jorge Ozezera 0-0: Called Strike
0-1: SINGLE (Groundball, 6MD, EV 96.2 MPH)
Luis Soto to second
Runner from 2nd tries for 3rd, SAFE, throw by CF made to third
Batting: RHB Sallvador Rebola 0-0: Ball
1-0: Ball
2-0: Called Strike
2-1: SINGLE (Groundball, 56D, EV 95.6 MPH)
Luis Soto scores
Jorge Ozezera to second
Runner from 2nd tries for 3rd, SAFE, no throw by LF
Batting: RHB Cary Collins 0-0: Called Strike
0-1: Ball
1-1: Swinging Strike
1-2: Fielders Choice at 2nd, 6-4 (Groundball, 6, EV 105.6 MPH)
Bottom of the 3rd over - 2 runs, 4 hits, 0 errors, 2 left on base; Marquette 0 - Ottawa 2
TOP OF THE 4TH
Marquette Miners batting - Pitching for Ottawa Nationals : RHP Jesús Castillo
Batting: RHB Jorge Japón 0-0: Called Strike
0-1: SINGLE (Line Drive, 7S, EV 101.2 MPH)
Batting: SHB Ángel García 0-0: Grounds into double play, 3-6-3 (Groundball, 34S, EV 87.5 MPH)
Batting: RHB Miguel Montés 0-0: Swinging Strike
0-1: Foul Ball, location: 2F
0-2: Ground out 3-1 (Groundball, 3S, EV 86.9 MPH)
Top of the 4th over - 0 runs, 1 hit, 0 errors, 0 left on base; Marquette 0 - Ottawa 2
BOTTOM OF THE 4TH
Ottawa Nationals batting - Pitching for Marquette Miners : RHP Greg Borges
Batting: RHB Gary Goodwin 0-0: Called Strike
0-1: Foul Ball, location: 2F
0-2: Strikes out swinging
Batting: RHB Cheh Zhi 0-0: Ball
1-0: Ball
2-0: Ball
3-0: Base on Balls
Batting: RHB Manuel Vroonland 0-0: Ball
1-0: Fly out, F9 (Line Drive, 9D, EV 99.4 MPH)
Batting: LHB Jason Powell 0-0: Ground out 4-3 (Groundball, 34, EV 103.1 MPH)
Bottom of the 4th over - 0 runs, 0 hits, 0 errors, 1 left on base; Marquette 0 - Ottawa 2
TOP OF THE 5TH
Marquette Miners batting - Pitching for Ottawa Nationals : RHP Jesús Castillo
Batting: LHB Snow Wang 0-0: Ball
1-0: Ball
2-0: TRIPLE (Flyball, 89XD, EV 95.6 MPH)
Batting: RHB Jesús Méndez 0-0: Fly out, F9 (Flyball, 89M, EV 93.1 MPH)
Batting: SHB Carl Saunders 0-0: Called Strike
0-1: Ball
1-1: Foul Ball, location: 2F
1-2: Ball
2-2: Strikes out looking
Batting: RHB Alexander Conley 0-0: Ball
1-0: Ball
2-0: Ball
3-0: Base on Balls
Batting: LHB Leslie Small 0-0: Called Strike
0-1: Ball
1-1: Ball
2-1: Foul Ball, location: 2F
2-2: Strikes out swinging
Top of the 5th over - 0 runs, 1 hit, 0 errors, 2 left on base; Marquette 0 - Ottawa 2
BOTTOM OF THE 5TH
Ottawa Nationals batting - Pitching for Marquette Miners : RHP Greg Borges
Batting: SHB Júlio Moreno 0-0: Called Strike
0-1: Ball
1-1: Ball
2-1: Foul Ball, location: 2F
2-2: Ground out 4-3 (Groundball, 4, EV 100.6 MPH)
Batting: LHB Luis Soto 0-0: Ball
1-0: Called Strike
1-1: Ball
2-1: Ball
3-1: Called Strike
3-2: Foul Ball, location: 2F
3-2: Foul Ball, location: 2F
3-2: Base on Balls
Batting: RHB Jorge Ozezera 0-0: Called Strike
0-1: Grounds out, U3 (Groundball, 3L, EV 90.6 MPH)
Batting: RHB Sallvador Rebola 0-0: SINGLE (Groundball, 34D, EV 104.4 MPH)
Luis Soto to third
Runner from 3rd tries for Home, SAFE, throw by RF to home
Batting: RHB Cary Collins 0-0: Swinging Strike
0-1: Swinging Strike
0-2: Strikes out looking
Bottom of the 5th over - 1 run, 1 hit, 0 errors, 1 left on base; Marquette 0 - Ottawa 3
TOP OF THE 6TH
Marquette Miners batting - Pitching for Ottawa Nationals : RHP Jesús Castillo
Batting: SHB Reginald Gibson 0-0: Foul Ball, location: 2F
0-1: Ball
1-1: Foul Ball, location: 2F
1-2: Ground out 6-3 (Groundball, 6, EV 105.0 MPH)
Batting: RHB Jorge Japón 0-0: Swinging Strike
0-1: Ground out 2-3 (Groundball, 15S, EV 70.6 MPH)
Batting: SHB Ángel García 0-0: Ball
1-0: Foul Ball, location: 2F
1-1: Fly out, F8 (Flyball, 8RXD, EV 99.4 MPH)
Top of the 6th over - 0 runs, 0 hits, 0 errors, 0 left on base; Marquette 0 - Ottawa 3
BOTTOM OF THE 6TH
Ottawa Nationals batting - Pitching for Marquette Miners : RHP Greg Borges
Batting: RHB Gary Goodwin 0-0: Ball
1-0: Ball
2-0: Called Strike
2-1: Swinging Strike
2-2: Ball
3-2: Base on Balls
Batting: RHB Cheh Zhi 0-0: Bunted foul
0-1: Sac Bunt to P - play at first, batter OUT! 1-4
Gary Goodwin to second
Batting: RHB Manuel Vroonland 0-0: Ball
1-0: Ball
2-0: Called Strike
2-1: Ball
3-1: Called Strike
3-2: Fly out, F7 (Flyball, 7, EV 93.1 MPH)
Batting: LHB Jason Powell 0-0: Foul Ball, location: 2F
0-1: Ball
1-1: Ball
2-1: Ball
3-1: Base on Balls
Batting: SHB Júlio Moreno 0-0: Called Strike
0-1: Ball
1-1: Ball
2-1: Fly out, F8 (Line Drive, 8LM, EV 99.4 MPH)
Bottom of the 6th over - 0 runs, 0 hits, 0 errors, 2 left on base; Marquette 0 - Ottawa 3
TOP OF THE 7TH
Marquette Miners batting - Pitching for Ottawa Nationals : RHP Jesús Castillo
Batting: RHB Miguel Montés 0-0: Called Strike
0-1: Foul Ball, location: 2F
0-2: SINGLE (Groundball, 4D, EV 101.2 MPH)
Batting: LHB Snow Wang 0-0: Ball
1-0: Ball
2-0: Foul Ball, location: 2F
2-1: Fly out, F9 (Line Drive, 9, EV 106.9 MPH)
Batting: RHB Jesús Méndez 0-0: Swinging Strike
0-1: Ball
1-1: Ball
2-1: Foul Ball, location: 2F
2-2: Fly out, F9 (Flyball, 89S, EV 91.2 MPH)
Batting: SHB Carl Saunders 0-0: Swinging Strike
0-1: Ball
1-1: Called Strike
1-2: Ball
2-2: Strikes out looking
Top of the 7th over - 0 runs, 1 hit, 0 errors, 1 left on base; Marquette 0 - Ottawa 3
BOTTOM OF THE 7TH
Ottawa Nationals batting - Pitching for Marquette Miners : RHP Greg Borges
Pitching: RHP Fernando Colón
Batting: LHB Luis Soto 0-0: Called Strike
0-1: Foul Ball, location: 2F
0-2: Ball
1-2: Foul Ball, location: 2F
1-2: Ball
2-2: Foul Ball, location: 2F
2-2: Foul Ball, location: 2F
2-2: Foul Ball, location: 2F
2-2: Strikes out looking
Batting: RHB Jorge Ozezera 0-0: Called Strike
0-1: Swinging Strike
0-2: Foul Ball, location: 2F
0-2: Strikes out looking
Batting: RHB Sallvador Rebola 0-0: Ball
1-0: Ball
2-0: Fly out, F8 (Line Drive, 8RM, EV 101.9 MPH)
Bottom of the 7th over - 0 runs, 0 hits, 0 errors, 0 left on base; Marquette 0 - Ottawa 3
TOP OF THE 8TH
Marquette Miners batting - Pitching for Ottawa Nationals : RHP Jesús Castillo
Batting: RHB Alexander Conley 0-0: Called Strike
0-1: SINGLE (Line Drive, 34, EV 97.5 MPH)
Batting: LHB Leslie Small 0-0: Foul Ball, location: 2F
0-1: Fly out, F8 (Flyball, 8LXD, EV 100.6 MPH)
Batting: SHB Reginald Gibson 0-0: Ball
1-0: Foul Ball, location: 2F
1-1: Ball
2-1: Called Strike
2-2: Foul Ball, location: 2F
2-2: Strikes out swinging
Batting: RHB Jorge Japón 0-0: Ball
1-0: Ball
2-0: Ball
3-0: Called Strike
3-1: Base on Balls
Alexander Conley to second
Pitching: LHP Dong Zhŕo
Batting: SHB Ángel García 0-0: Ball
1-0: Ball
2-0: Ball
3-0: Called Strike
3-1: Base on Balls
Alexander Conley to third
Jorge Japón to second
Batting: RHB Miguel Montés 0-0: Ball
1-0: Foul Ball, location: 2F
1-1: Fly out, F4 (Line Drive, 4, EV 71.9 MPH)
Top of the 8th over - 0 runs, 1 hit, 0 errors, 3 left on base; Marquette 0 - Ottawa 3
BOTTOM OF THE 8TH
Ottawa Nationals batting - Pitching for Marquette Miners : RHP Fernando Colón
Batting: RHB Cary Collins 0-0: Called Strike
0-1: Ball
1-1: Called Strike
1-2: Foul Ball, location: 2F
1-2: Foul Ball, location: 2F
1-2: Ground out 6-3 (Groundball, 6, EV 105.0 MPH)
Batting: RHB Gary Goodwin 0-0: Fly out, F8 (Line Drive, 8LM, EV 108.8 MPH)
Batting: RHB Cheh Zhi 0-0: Called Strike
0-1: Ball
1-1: Fly out, F9 (Line Drive, 9, EV 84.4 MPH)
Bottom of the 8th over - 0 runs, 0 hits, 0 errors, 0 left on base; Marquette 0 - Ottawa 3
TOP OF THE 9TH
Marquette Miners batting - Pitching for Ottawa Nationals : LHP Dong Zhŕo
Pitching: RHP Jesús Torres
Batting: LHB Snow Wang 0-0: Ball
1-0: Called Strike
1-1: Foul Ball, location: 2F
1-2: Foul Ball, location: 2F
1-2: Foul Ball, location: 2F
1-2: Ground out U3 (Groundball, 3, EV 105.0 MPH)
Batting: RHB Jesús Méndez 0-0: Foul Ball, location: 2F
0-1: Foul Ball, location: 2F
0-2: Ball
1-2: Strikes out looking
Batting: SHB Carl Saunders 0-0: DOUBLE (Line Drive, 9LD, EV 102.5 MPH)
Batting: RHB Alexander Conley 0-0: Fly out, F7 (Flyball, 7, EV 88.8 MPH)
Top of the 9th over - 0 runs, 1 hit, 0 errors, 1 left on base; Marquette 0 - Ottawa 3
Friday, April 17th, 2020 - OOTP Baseball 20.8 Build 74